[Event "MCR zen 2022"]
[Site "Hotel Opera, Jaroměřice nad Rokytnou, Czech Republic"]
[Date "????.??.??"]
[Round "1.1"]
[White "Sikorova, Olga"]
[Black "Pilsova, Karolina"]
[Result "1/2-1/2"]
[TimeControl "90 min/40 moves + 30 min + 30s/move"]
[WhiteElo "2173"]
[BlackElo "2229"]

1. Nf3 d5 2. c4 c6 3. g3 Nf6 4. Bg2 Bg4 5. cxd5 Bxf3 6. Bxf3 cxd5 7. O-O Nc6 8. Bg2 e6 9. Nc3 Bc5 10.
b3 h5 11. Bb2 h4 12. e3 Qe7 13. d4 Bb4 14. a3 Bxc3 15. Bxc3 Ne4 16. Bxe4 dxe4 17. d5 O-O-O 18. Qg4 Rxd5 19.
Qxe4 Qg5 20. Rfc1 hxg3 21. hxg3 Qh5 22. b4 f5 23. Qg2 Rhd8 24. Bxg7 Kb8 25. Bc3 Qe2 26. Qf1 Qg4 27. b5 Ne5 28.
Bxe5+ Rxe5 29. Rc4 Qf3 30. Rf4 Qh5 31. Rd4 Red5 32. Rxd5 Rxd5 33. a4 Qf3 34. Qc4 Rd2 35. Qf4+ Qxf4 36.
exf4 Kc7 37. Kf1 Kb6 38. Re1 Rd6 39. Rc1 Ka5 40. Rc4 Rd2 41. Rc7 Kb6 42. Re7 Rd6 43. f3 a6 44. Ke2 axb5 45.
axb5 Kxb5 46. Rxb7+ Kc5 47. Rc7+ Kd5 48. Rc2 Ra6 49. Rd2+ Kc5 50. g4 Ra4 51. Ke3 fxg4 52. fxg4 e5 53.
fxe5 Rxg4 54. Kf3 Rh4 55. e6 Rh6 56. Re2 Rh8 57. Kf4 1/2-1/2

[Event "MCR zen 2022"]
[Site "Hotel Opera, Jaroměřice nad Rokytnou, Czech Republic"]
[Date "????.??.??"]
[Round "1.2"]
[White "Novosadova, Kristyna"]
[Black "Lhotska, Anna"]
[Result "1-0"]
[TimeControl "90 min/40 moves + 30 min + 30s/move"]
[WhiteElo "2147"]
[BlackElo "2029"]

1. e4 c5 2. Nf3 d6 3. d4 cxd4 4. Nxd4 Nf6 5. Nc3 a6 6. Bg5 Nbd7 7. f4 Qc7 8. Qf3 h6 9. Bxf6 Nxf6 10.
f5 Qc5 11. O-O-O g5 12. fxg6 Bg4 13. gxf7+ Kxf7 14. Qd3 Bxd1 15. Qxd1 Bg7 16. e5 dxe5 17. Nb3 Qe3+ 18. Nd2 Rhd8 19.
Bc4+ Ke8 20. Re1 Qg5 21. Qe2 Rd4 22. Bd3 Rad8 23. Kb1 Qg4 24. Nf3 Rb4 25. a3 Rb6 26. h3 Qe6 27. Nxe5 Nd5 28.
Qh5+ Kf8 29. Nxd5 Rxd5 30. Qf3+ Kg8 31. Bc4 Rxb2+ 32. Kxb2 Rb5+ 33. Ka2 1-0

[Event "MCR zen 2022"]
[Site "Hotel Opera, Jaroměřice nad Rokytnou, Czech Republic"]
[Date "????.??.??"]
[Round "1.3"]
[White "Koubova, Anna Marie"]
[Black "Petrova, Kristyna"]
[Result "1/2-1/2"]
[TimeControl "90 min/40 moves + 30 min + 30s/move"]
[WhiteElo "2115"]
[BlackElo "2264"]

1. d4 Nf6 2. c4 g6 3. Nc3 d5 4. cxd5 Nxd5 5. e4 Nxc3 6. bxc3 Bg7 7. Nf3 O-O 8. Be2 c5 9. O-O Bg4 10.
Be3 Qa5 11. Rb1 cxd4 12. cxd4 Qxa2 13. Rxb7 Nc6 14. d5 Ne5 15. Rxe7 a5 16. Bd4 Nxf3+ 17. Bxf3 Bxf3 18. gxf3 Qa3 19.
Bxg7 Qxe7 20. Bxf8 Qg5+ 21. Kh1 Rxf8 22. Rg1 Qf4 23. Qd3 a4 24. Ra1 Ra8 25. Qe3 Qe5 26. Ra2 Qb8 27. Ra3 Qb5 28.
Kg2 Rc8 29. Rc3 Rxc3 30. Qxc3 h5 31. d6 Qg5+ 32. Kf1 Qb5+ 33. Ke1 Kh7 34. Kd2 h4 35. Qf6 Qb4+ 36. Ke3 Qe1+ 37. Kf4 Qc1+ 38.
Kg4 Qg1+ 39. Kh3 Qf1+ 40. Kxh4 Qxf2+ 41. Kh3 Qf1+ 42. Kg3 Qg1+ 43. Kf4 Qc1+ 44. Kg3 Qg1+ 45. Kh3 Qf1+ 46. Kg3 1/2-1/2

[Event "MCR zen 2022"]
[Site "Hotel Opera, Jaroměřice nad Rokytnou, Czech Republic"]
[Date "????.??.??"]
[Round "1.4"]
[White "Trasakova, Adela"]
[Black "Nemcova, Karin"]
[Result "1/2-1/2"]
[TimeControl "90 min/40 moves + 30 min + 30s/move"]
[WhiteElo "1842"]
[BlackElo "2181"]

1. d4 Nf6 2. Nf3 e6 3. g3 d5 4. Bg2 c5 5. O-O Nc6 6. c4 Be7 7. Nc3 O-O 8. cxd5 Nxd5 9. Nxd5 Qxd5 10.
Ne5 Qxd4 11. Nxc6 bxc6 12. Bxc6 Rb8 13. Qc2 Rd8 14. Rb1 Ba6 15. b3 Rbc8 16. Be3 Qe5 17. Bf3 Bg5 18. Bxg5 Qxg5 19.
Rfd1 g6 20. Rxd8+ Rxd8 21. Rd1 Rxd1+ 22. Qxd1 c4 23. bxc4 Bxc4 24. Qc2 Qc5 25. Kg2 a5 26. a3 Qb5 27. Qd2 e5 28. Qd6 a4 29.
Bc6 Qa5 30. Bf3 Qc3 1/2-1/2

[Event "MCR zen 2022"]
[Site "Hotel Opera, Jaroměřice nad Rokytnou, Czech Republic"]
[Date "????.??.??"]
[Round "1.5"]
[White "Richterova, Natasa"]
[Black "Zelbova, Lada"]
[Result "1-0"]
[TimeControl "90 min/40 moves + 30 min + 30s/move"]
[WhiteElo "2181"]
[BlackElo "1967"]

1. e4 c5 2. Nf3 d6 3. Bb5+ Nd7 4. O-O a6 5. Bxd7+ Bxd7 6. Re1 e5 7. c3 Qc7 8. d4 Nf6 9.
Bg5 Be7 10. h3 Rd8 11. Qe2 O-O 12. dxe5 dxe5 13. c4 Bc6 14. Nc3 Nh5 15. Nd5 Bxd5 16. exd5 Bxg5 17. Nxg5 Nf4 18. Qe4 Ng6 19.
h4 h6 20. h5 hxg5 21. hxg6 Rde8 22. gxf7+ Qxf7 23. Qe3 Qf4 24. Rac1 Rf6 25. g3 Qf5 26. Re2 Rh6 27. Qe4 Qh3 28.
Qg2 Qg4 29. Re4 Qf5 30. Rc3 g4 31. Rce3 Rh5 32. f3 gxf3 33. Qxf3 Rf8 34. Qxf5 Rhxf5 35. Re2 Re8 36. Kg2 g5 37.
Kh3 Kf7 38. Kg4 Kg6 39. R4e3 Re7 40. d6 Rd7 41. Rxe5 Rxd6 42. Rxf5 Rd4+ 43. Rf4 gxf4 44. gxf4 Rxc4 45. Re6+ Kf7 46.
Rb6 Rc2 47. Kf5 c4 48. Rxb7+ Kg8 49. Kg6 Rg2+ 50. Kf6 Rc2 51. Rb8+ Kh7 52. b3 Rb2 53. Rb7+ Kh6 54. Rb4 c3 55.
f5 Kh5 56. Rc4 Rxa2 57. Rxc3 Rf2 58. Rc4 Rf3 59. Rb4 a5 60. Rb5 Kh6 61. Rb8 Kh7 62. Rb5 Kg8 63. Ke6 Re3+ 64. Kd6 Rf3 65.
Kc6 Kf7 66. Kb6 Kf6 67. Kxa5 Ke7 68. b4 Kd7 69. Rc5 Rf4 70. b5 Rd4 71. Rc6 Rd5 72. f6 Rf5 73. Kb6 Kd8 74. Rd6+ Kc8 75.
Kc6 Rf1 76. b6 Rc1+ 77. Kd5 Re1 78. f7 Rf1 79. Ke6 Re1+ 80. Kf6 Rf1+ 81. Ke7 1-0